 Dungeon Crawl Stone Soup version 0.31-a0-1204-ge2c1a860ed (webtiles) character file.

Game seed: 2043002029624785838

8712 dingleboss the Carver (level 11, -4/65 HPs)
             Began as a Kobold Gladiator on Dec 12, 2023.
             Was a Believer of Uskayaw.
             Slain by Harold the skyshark (7 damage)
             ... on level 10 of the Dungeon.
             The game lasted 00:59:17 (10937 turns).

dingleboss the Carver (Kobold Gladiator)           Turns: 10937, Time: 00:59:17

Health: -4/65      AC:  9    Str: 13    XL:     11   Next: 60%
Magic:  0/14       EV: 19    Int:  9    God:    Uskayaw [**....]
Gold:   630        SH:  6    Dex: 20    Spells: 10/10 levels left

rFire   . . .        b - +7 rapier of Bright Watchfulness {freeze, Fly rPois rCorr}
rCold   . . .        f - +0 buckler
rNeg    . . .        K - +0 steam dragon scales
rPois   +            c - +0 helmet
rElec   .            l - +0 cloak
rCorr   +            (no gloves)
SInv    .            z - +0 pair of boots
Will    .....        v - amulet of guardian spirit
Stlth   +++++        p - ring of poison resistance
HPRegen 0.30/turn    (no ring)
MPRegen 0.14/turn

%: guardian spirit
@: about to teleport, flying
A: small, no large weapons, nightstalker 3
a: Renounce Religion, Stomp, Line Pass


You were on level 10 of the Dungeon.
You worshipped Uskayaw.
Uskayaw was noncommittal.
You visited 2 branches of the dungeon, and saw 11 of its levels.
You also visited: Bailey.

You collected 630 gold pieces.

Inventory:

Hand Weapons
 a - the +3 dagger of Koseckargh {flame, rElec Dex+2 Stlth+}
   (You found it in a bailey)

   Dex+2:     It affects your dexterity (+2).
   rElec:     It insulates you from electricity.
   Stlth+:    It makes you more stealthy.
 b - the +7 rapier of Bright Watchfulness (weapon) {freeze, Fly rPois rCorr}
   (You found it on level 8 of the Dungeon)

   rPois:     It protects you from poison Fly: It grants you flight.
   rCorr:     It protects you from acid and corrosion.
 w - the +7 rapier "Beppoi" {flame, rF++ rC+ Dex-4 Stlth+}
   (You found it on level 8 of the Dungeon)

   Dex-4:     It affects your dexterity (-4).
   rF++:      It greatly protects you from fire.
   rC+:       It protects you from cold.
   Stlth+:    It makes you more stealthy.
 W - a +0 long sword
Missiles
 d - 2 throwing nets (quivered)
 e - 2 boomerangs
 i - 63 stones
 j - 7 poisoned darts
Armour
 c - a +0 helmet (worn)
 f - a +0 buckler (worn)
 l - a +0 cloak (worn)
 z - a +0 pair of boots (worn)
 F - a +1 leather armour of fire resistance
 K - +0 steam dragon scales (worn)
 R - a +2 robe of willpower
Jewellery
 p - a ring of poison resistance (left hand)
 v - an amulet of guardian spirit (around neck)
 O - an amulet of faith
 Q - an amulet of faith
 U - a ring of protection from cold
Wands
 q - a wand of polymorph (6)
 H - a wand of mindburst (26)
 P - a wand of flame (30)
Scrolls
 k - 7 scrolls of teleportation
 m - 2 scrolls of torment {unknown}
 n - 2 scrolls of fear {unknown}
 o - a scroll of blinking {unknown}
 r - a scroll of summoning {unknown}
 s - a scroll of revelation
 t - a scroll of poison {unknown}
 u - 3 scrolls of enchant armour {unknown}
 y - 2 scrolls of amnesia {unknown}
 A - 3 scrolls of immolation
 C - 2 scrolls of vulnerability {unknown}
 E - a scroll of identify
 G - 2 scrolls of noise {unknown}
 N - a scroll of enchant weapon {unknown}
 T - a scroll of brand weapon {unknown}
Potions
 g - a potion of enlightenment
 h - 2 potions of curing
 x - 2 potions of ambrosia {unknown}
 B - 5 potions of brilliance
 D - a potion of lignification {unknown}
 I - 2 potions of heal wounds
 J - a potion of magic {unknown}
 L - 2 potions of might {unknown}
 M - 2 potions of haste
 S - a potion of berserk rage {unknown}


   Skills:
 + Level 6.3 Fighting
 * Level 8.7 Long Blades
 + Level 5.0 Throwing
 + Level 3.1 Armour
 + Level 7.4 Dodging
 + Level 7.5 Stealth
 + Level 5.6 Shields
 + Level 4.3 Invocations
 + Level 4.8 Evocations


You had 10 spell levels left.
You didn't know any spells.
Your spell library contained the following spells:

 Spells                   Type           Power      Damage    Failure   Level
 Magic Dart               Conj           0%         1d3       47%         1
 Cigotuvi's Dreadful Rot  Necr/Pois/Air  0%         N/A       63%         2
 Searing Ray              Conj           0%         2d4       63%         2
 Ignite Poison            Fire/Tmut/Pois 0%         N/A       85%         3
 Cause Fear               Hex            0%         N/A       99%         4
 Fulminant Prism          Conj/Hex       0%         3d5       99%         4
 Fireball                 Conj/Fire      0%         3d3       100%        5
 Freezing Cloud           Conj/Ice/Air   0%         6-21      100%        5
 Dragon's Call            Summ           0%         N/A       100%        9


Dungeon Overview and Level Annotations

Branches:
Dungeon (10/15)            Temple (1/1) D:5          Bailey (visited)
   Lair: D:8-11         Orc: D:9-12

Altars:
Ashenzari
Cheibriados
Dithmenos
Elyvilon
Fedhas
Gozag
Hepliaklqana
Kikubaaqudgha
Makhleb
Nemelex Xobeh
Okawaru
Qazlal
Ru
Sif Muna
Trog
Uskayaw
Vehumet
Wu Jian
Xom
Yredelemnul
Zin
The Shining One

Shops:
D:5 *

Annotations:
D:5 Sigmund
D:8 exclusion: centaur, Gastronok
D:9 2 runed translucent doors
D:10 exclusion: ice statue, Harold


Innate Abilities, Weirdness & Mutations

You are small and have problems with some larger weapons.
You are completely attuned to the shadows.


Message History

Okay, then.
Unknown command.
Aiming: Polymorph
Press: ? - help, Shift-Dir - straight line, f/p - Harold
Aim: Harold the skyshark (heavily wounded, berserk, will become a sky beast, a glass eye, or a shining eye, chance to affect: 44%) Harold resists with some effort.
Harold bites you!!
* * * LOW HITPOINT WARNING * * *
Harold barely misses you. x2; Harold closely misses you.
Harold tail-slaps you.
* * * LOW HITPOINT WARNING * * *
Harold misses you.
Okay, then.
Throw: 4 throwing nets
Press: ? - help, Q - select action, (/) - cycle Shift-Dir - straight line, f/p - Harold
Aim: Harold the skyshark (heavily wounded, berserk, 72% to hit)
You throw a throwing net. The throwing net hits Harold.
Harold is caught in the net!
Harold is heavily wounded.
Harold struggles against the net.
As you read the scroll of teleportation, it crumbles to dust.
You feel strangely unstable.
Harold struggles against the net. x2
You hit Harold. You freeze Harold.
Harold is heavily wounded.
Harold struggles against the net. x2
The net rips apart, and Harold comes free!
Throw: 3 throwing nets
Press: ? - help, Q - select action, (/) - cycle Shift-Dir - straight line, f/p - Harold
Aim: Harold the skyshark (heavily wounded, berserk, 72% to hit)
You throw a throwing net. The throwing net hits Harold.
Harold is caught in the net!
Harold is heavily wounded.
Harold struggles against the net. x2
You hit Harold.
Harold seems to slow down.
You freeze Harold.
Harold is heavily wounded.
Harold struggles against the net.
You barely miss Harold.
Harold is heavily wounded.
Harold struggles against the net.
The net rips apart, and Harold comes free!
Harold bites you!
You die...

.#.#
##.......####.#......##.#
##.#
##.....###.............#
...#
##...####...###'####..#
#### ##'##
#...####⌠.⌠.#..# #.#
#..##.##....#..# #.#
#..8...#._..#..# #.#
#......#.[..#..#
#......#....#..#
#.@8...#._..#..#
....F##.##....#.[#
......####⌠.⌠.#..#
..$....###'####..#
###..............#
#######....# ######


You could see Harold the skyshark (berserk, slow).

Vanquished Creatures
  A death drake (D:10)
  Pikel (D:5)
  A gargoyle (Bailey)
  Jeremiah (D:8)
  A troll (D:9)
  A vampire (Bailey)
  2 wraiths
  Eustachio (D:6)
  6 yaks (D:9)
  A wyvern (D:9)
  3 steam dragons
  2 water moccasins (D:8)
  4 ice beasts
  An ogre (D:6)
  2 orc warriors
  4 black bears
  3 centaurs
  6 phantoms (D:8)
  4 bullfrogs
  5 scorpions
  11 wights
  3 killer bees (D:8)
  2 howler monkeys
  7 vampire bats (Bailey)
  6 wolf zombies (Bailey)
  5 centaur zombies (D:8)
  2 hounds (D:4)
  2 jellies
  7 orc priests
  4 sleepcaps
  An iguana (D:5)
  Ijyb (D:3)
  6 orc wizards
  2 scorpion zombies (D:8)
  4 killer bee zombies (D:8)
  Robin (D:3)
  7 adders
  9 shadow imps (D:8)
  2 white imps
  3 dart slugs
  26 orcs
  5 bats
  7 endoplasms
  3 giant cockroaches
  15 goblins
  12 hobgoblins
  6 jackals (D:4)
  6 kobolds
  4 quokkas
  6 ball pythons
  3 frilled lizards
  20 orc zombies (Bailey)
  3 rats
251 creatures vanquished.

Notes
Turn   | Place    | Note
-------+----------+-------------------------------------------
     0 | D:1      | dingleboss the Kobold Gladiator began the quest for the
                  | Orb.
     0 | D:1      | Reached XP level 1. HP: 12/12 MP: 1/1
   185 | D:1      | Reached XP level 2. HP: 14/17 MP: 2/2
   566 | D:1      | Reached skill level 1 in Stealth
   827 | D:1      | Reached XP level 3. HP: 22/22 MP: 3/3
  1977 | D:3      | Reached skill level 3 in Long Blades
  2063 | D:3      | Reached XP level 4. HP: 23/27 MP: 4/4
  2064 | D:3      | Noticed Robin
  2096 | D:3      | Reached skill level 1 in Shields
  2103 | D:3      | Killed Robin
  2287 | D:3      | Noticed Ijyb
  2296 | D:3      | Killed Ijyb
  2297 | D:3      | Reached XP level 5. HP: 32/32 MP: 5/5
  2768 | D:3      | Found an iron altar of Okawaru.
  2811 | D:3      | Found a shimmering blue altar of Sif Muna.
  3046 | D:4      | Found an opulent altar of Gozag.
  3274 | D:4      | Reached XP level 6. HP: 34/37 MP: 4/6
  3363 | D:4      | Found a basalt altar of Yredelemnul.
  3416 | D:4      | Found a sparkling altar of Nemelex Xobeh.
  3892 | D:5      | Entered Level 5 of the Dungeon
  3935 | D:5      | Found an ancient bone altar of Kikubaaqudgha.
  4118 | D:5      | Found Zin's Purification Station.
  4120 | D:5      | Found a glowing silver altar of Zin.
  4166 | D:5      | Noticed Sigmund
  4186 | D:5      | Found a staircase to the Ecumenical Temple.
  4189 | D:5      | Noticed Pikel
  4217 | D:5      | Killed Pikel
  4218 | D:5      | Reached skill level 4 in Long Blades
  4218 | D:5      | Reached skill level 5 in Dodging
  4218 | D:5      | Reached XP level 7. HP: 25/43 MP: 4/7
  4218 | D:5      | Reached XP level 8. HP: 28/48 MP: 4/8
  4225 | Temple   | Entered the Ecumenical Temple
  4241 | Temple   | Became a worshipper of Uskayaw the Reveller
  4342 | D:5      | Reached * piety under Uskayaw
  4344 | D:5      | Reached ** piety under Uskayaw
  4345 | D:5      | Reached skill level 5 in Long Blades
  4514 | D:6      | Noticed Eustachio
  4680 | D:6      | Found a radiant altar of Vehumet.
  4728 | D:6      | Reached skill level 6 in Long Blades
  4728 | D:6      | Reached *** piety under Uskayaw
  4835 | D:6      | Killed Eustachio
  4836 | D:6      | Reached XP level 9. HP: 51/52 MP: 9/9
  5381 | D:6      | Reached skill level 7 in Long Blades
  5632 | D:7      | Found a flagged portal.
  5684 | D:7      | Reached skill level 1 in Invocations
  5684 | D:7      | Reached skill level 1 in Evocations
  5846 | Bailey   | Entered a bailey
  6058 | Bailey   | Reached skill level 5 in Stealth
  6080 | Bailey   | Reached skill level 1 in Armour
  6190 | Bailey   | Noticed a gargoyle
  6194 | Bailey   | Killed a gargoyle
  6337 | Bailey   | Reached XP level 10. HP: 58/58 MP: 11/11
  6386 | Bailey   | Reached **** piety under Uskayaw
  6452 | Bailey   | Reached skill level 5 in Fighting
  6461 | Bailey   | Identified the +3 dagger of Koseckargh {flame, rElec Dex+2
                  | Stlth+}
  7401 | D:8      | Noticed Gastronok
  7445 | D:8      | Reached skill level 5 in Shields
  7658 | D:8      | Found a bloodstained altar of Trog.
  7944 | D:8      | Reached ***** piety under Uskayaw
  8149 | D:8      | Reached skill level 8 in Long Blades
  8300 | D:8      | Noticed Jeremiah
  8304 | D:8      | Killed Jeremiah
  8344 | D:8      | Reached XP level 11. HP: 60/64 MP: 11/13
  8529 | D:8      | Identified the +7 rapier "Beppoi" {flame, rF++ rC+ Dex-4
                  | Stlth+}
  8540 | D:8      | Identified the +7 rapier of Bright Watchfulness {freeze,
                  | Fly rPois rCorr}
  9255 | D:9      | Noticed a two-headed ogre
  9757 | D:9      | Found a large runed translucent door.
  9758 | D:9      | Found a large runed translucent door.
  9986 | D:10     | Entered Level 10 of the Dungeon
 10382 | D:10     | Noticed a cyclops
 10385 | D:10     | a cyclops changed into a death drake
 10385 | D:10     | Noticed a death drake
 10395 | D:10     | Killed a death drake
 10396 | D:10     | Reached skill level 5 in Throwing
 10864 | D:10     | Found a sacrificial altar of Ru.
 10867 | D:10     | Found an ornate altar of the Wu Jian Council.
 10921 | D:10     | Noticed Harold
 10922 | D:10     | Harold changed into Harold the skyshark
 10922 | D:10     | Noticed Harold
 10931 | D:10     | HP: 1/65 [Harold the skyshark (3)]
 10937 | D:10     | Slain by Harold the skyshark

Illustrated notes

Levels and vault maps discovered:
D:1:      scummos_arrival_simple_fountains, layout_basic
D:2:      layout_basic
D:3:      layout_loops_ring, mainiacjoe_overflow_swirl, kennysheep_nondescript,
          kennysheep_crisscross, minmay_misc_feat_iff,
          kennysheep_big_empty_room, uniq_ijyb, uniq_robin
D:4:      layout_gridville, nicolae_gozag_seed_capital,
          nemelex_spade_bored_becter, yredelemnul_altar_generic, st_stairs_12
D:5:      layout_loops_corners, nicolae_overflow_crystal_walls, zin_purify,
          minmay_temple_entry_grid, uniq_pikel, uniq_sigmund
D:6:      layout_gridville, marbit_many_paths, uniq_eustachio
D:7:      layout_loops_cross, enter_bailey_6, chequers_jeans
D:8:      bobbens_index_wilting_gardens, layout_loops_ring,
          general_overflow_altar, uniq_gastronok, uniq_jeremiah
D:9:      layout_gridville, ebering_ghost_disaster_area, hangedman_glass_teeth
D:10:     layout_loops_corners, jmf_multi_god_temple, minmay_statue_bubble,
          uniq_harold
Temple:   nicolae_temple_bog_church

Skill      XL: |  1  2  3  4  5  6  7  8  9 10 11 |
---------------+----------------------------------+-----
Stealth        | 1 2 4 5 6 7 |  7.5
Long Blades    | 3 4 6 7 8 |  8.7
Dodging        | 4 5 6 7 |  7.4
Shields        | 1 2 4 5 |  5.6
Fighting       | 3 4 5 6 |  6.3
Invocations    | 1 3 4 |  4.3
Evocations     | 2 3 4 |  4.8
Armour         | 1 2 3 |  3.1
Throwing       | 3 4 5 |  5.0

Action                     |  1- 3 |  4- 6 |  7- 9 | 10-12 || total
---------------------------+-------+-------+-------+-------++-------
  Melee: Long sword        |    90 |   137 |    52 |    62 ||   341
         Dagger            |     6 |    14 |   148 |   161 ||   329
         Short sword       |       |       |   102 |    54 ||   156
         Rapier            |       |       |       |   111 ||   111
  Throw: Throwing net      |       |       |       |     5 ||     5
         Stone             |       |       |       |     1 ||     1
  Evoke: Wand              |       |       |       |     5 ||     5
    Use: Scroll            |     3 |     3 |     4 |     1 ||    11
         Potion            |       |     2 |       |     4 ||     6
   Stab: Sleeping          |    11 |    15 |    17 |    34 ||    77
         Paralysed         |       |       |     5 |    11 ||    16
         Distracted        |       |       |     4 |     3 ||     7
         Invisible         |       |       |       |     7 ||     7
         Held in net/web   |       |       |       |     1 ||     1
 Armour: Leather armour    |    35 |    30 |    56 |    11 ||   132
         Ring mail         |       |    41 |    24 |       ||    65
         Steam dragon scal |       |       |       |   109 ||   109
  Dodge: Dodged            |    69 |   102 |   119 |   209 ||   499
  Block: Buckler           |    18 |    40 |    39 |    79 ||   176

Table legend: (Time is in decaauts)
 A = Elapsed time spent in this place.
 B = Non-inter-level travel time spent in this place.
 C = Inter-level travel time spent in this place.
 D = Time resting spent in this place.
 E = Time spent auto-exploring this place.
 F = Levels seen in this place.
 G = Mean time per level.
                   A        B        C        D        E       F      G
               +--------+--------+--------+--------+--------+-----+--------+
         Total |  10744 |  10118 |    626 |   1355 |   5044 |  12 |  895.3 |
       Dungeon |  10050 |   9449 |    601 |   1215 |   4963 |  10 | 1005.0 |
        Temple |     86 |     61 |     25 |     54 |      0 |   1 |   86.0 |
        Bailey |    608 |    608 |      0 |     86 |     81 |   1 |  608.0 |
               +--------+--------+--------+--------+--------+-----+--------+

Top non-repeatable levels by time:
     D:8: 1534 daAuts
     D:9: 1190 daAuts
     D:1: 1148 daAuts
     D:7: 1093 daAuts
     D:3: 1047 daAuts
     D:4: 938 daAuts
     D:2: 821 daAuts
     D:5: 802 daAuts
    D:10: 741 daAuts
     D:6: 732 daAuts
  Bailey: 608 daAuts
  Temple: 86 daAuts
